 Dungeon Crawl Stone Soup version 0.30-a0-329-g85436e0a43 (webtiles) character file.

Game seed: 2039884331815429745

883 Lear the Grave Robber (level 7, -4/48 HPs)
             Began as a Demonspawn Necromancer on Oct 28, 2022.
             Was an Initiate of Yredelemnul.
             Killed by an exploding lemure (12 damage)
             ... ignited by their inner flame
             ... on level 7 of the Dungeon.
             The game lasted 00:38:27 (3799 turns).

Lear the Grave Robber (Demonspawn Necromancer)      Turns: 3799, Time: 00:38:32

Health: -4/48      AC:  3    Str:  9    XL:     7   Next: 76%
Magic:  13/15      EV: 12    Int: 18    God:    Yredelemnul [......]
Gold:   330        SH:  4    Dex: 13    Spells: 13/17 levels left

rFire   + . .      SeeInvis .    (no weapon)
rCold   + + .      Faith    .    (no shield)
rNeg    . . .      Spirit   .    b - +0 robe
rPois   .          Reflect  .    (helmet restricted)
rElec   .          Harm     .    (no cloak)
rCorr   .          Rampage  .    (gloves unavailable)
Will    .....                    e - +0 pair of boots
Stlth   ++........               (no amulet)
HPRegen 0.28/turn                n - ring of protection from cold
MPRegen 0.14/turn                (no ring)

@: no status effects
A: claws 3, hooves 1, horns 2, large bone plates 1, cold resistance 1, fire
resistance 1, no potion heal 1
a: Renounce Religion, Recall Undead Harvest


You were on level 7 of the Dungeon.
You worshipped Yredelemnul.
Yredelemnul was noncommittal.
You visited 2 branches of the dungeon, and saw 8 of its levels.

You collected 330 gold pieces.

Inventory:

Armour
 a - a +0 robe
 b - a +0 robe (worn)
 d - a +0 scale mail
 e - a +0 pair of boots (worn)
 g - an orb of energy
Jewellery
 j - a +6 ring of dexterity
 n - a ring of protection from cold (left claw)
Wands
 h - a wand of charming (5)
Scrolls
 c - 6 scrolls of identify
 f - a scroll of butterflies
 l - a scroll of amnesia
 o - 3 scrolls of immolation
Potions
 i - 8 potions of curing
 m - 2 potions of might {unknown}


   Skills:
 + Level 1.5 Fighting
 + Level 2.4 Dodging
 + Level 2.4 Stealth
 + Level 0.3 Unarmed Combat
 + Level 5.7 Spellcasting
 + Level 7.5 Necromancy
 + Level 0.3 Invocations


You had 13 spell levels left.
You knew the following spells:

 Your Spells              Type           Power      Damage    Failure   Level
a - Necrotise             Necr           100%       1d9       1%          1
b - Vampiric Draining     Necr           32%        2d8       1%          3

Your spell library contained the following spells:

 Spells                   Type           Power      Damage    Failure   Level
 Sublimation of Blood     Necr           32%        N/A       1%          2
 Dispel Undead            Necr           32%        3d14      5%          4
 Cigotuvi's Dreadful Rot  Necr/Pois/Air  28%        N/A       7%          2
 Freeze                   Ice            20%        1d4       12%         1
 Shock                    Conj/Air       20%        1d4       12%         1
 Agony                    Necr           32%        N/A       16%         5
 Blink                    Tloc           10%        N/A       19%         2
 Momentum Strike          Conj/Tloc      10%        3d8       19%         2
 Frozen Ramparts          Ice            10%        1d2       36%         3
 Hailstorm                Conj/Ice       5%         3d4       36%         3
 Lesser Beckoning         Tloc           10%        N/A       36%         3
 Swiftness                Air            5%         N/A       36%         3
 Tukima's Dance           Hex            5%         N/A       36%         3
 Airstrike                Air            2%         2d(1-17)  77%         4
 Passage of Golubria      Tloc           5%         N/A       77%         4
 Petrify                  Tmut/Erth      5%         N/A       77%         4
 Irradiate                Conj/Tmut      2%         3d12      98%         5
 Yara's Violent Unravell  Hex/Tmut       2%         3d3       98%         5
 Animate Dead             Necr           Unusable   N/A       N/A         4
 Death Channel            Necr           Unusable   N/A       N/A         6

Dungeon Overview and Level Annotations

Branches:
Dungeon (7/15)             Temple (1/1) D:6

Altars:
Yredelemnul

Shops:
D:1 !

Annotations:
D:7 Duvessa


Innate Abilities, Weirdness & Mutations

You have claws for hands.
You have large cloven feet.
You have a pair of horns on your head.
You are partially covered in large bone plates. (SH +4)
Your flesh is cold resistant. (rC+)
Your flesh is heat resistant. (rF+)
Potions are less effective at restoring your health.


Message History

Dowan casts a spell.
Dowan blinks!
The lemure hits you.
Casting: Necrotise (safe; 1% risk of failure)
Confirm with . or Enter, or press ? or * to list all spells.
Aiming: Necrotise (safe; 1% risk of failure)
Press: ? - help, Shift-Dir - straight line, f - lemure, p - Duvessa
Aim: a lemure (not susceptible)
The lemure is unaffected.
Dowan points at you and mumbles some strange words.
The puff of flame misses you. The lemure barely misses you.
The lemure hits you.
As you read the scroll labelled FEGUSTR TUOBI, it crumbles to dust.
The creatures around you are filled with an inner flame!
It was a scroll of immolation.
The lemure completely misses you. The lemure hits you.
As you read the scroll labelled TENAGH SASAUPH, it crumbles to dust.
It is a scroll of amnesia.
Okay, then.
Dowan misses you. The lemure hits you. x2
As you read the scroll labelled MOKEMO PAKLUE, it crumbles to dust.
Your body is wracked with pain!
Dowan convulses!
Flame seeps out of Dowan.
Duvessa convulses!
Flame seeps out of Duvessa.
It was a scroll of torment.
Dowan is engulfed in blazing flames.
Duvessa weeps, and shakes her weapon.
Duvessa goes berserk!
A black mist starts to gather...
Dowan explodes!
The fiery explosion engulfs the lemure!!!
That felt strangely unrewarding.
The fiery explosion engulfs you! You resist.
* * * LOW HITPOINT WARNING * * *
The fiery explosion engulfs the lemure!!
Flame seeps out of the lemure.
The lemure is almost dead.
The fiery explosion engulfs the lemure!!
That felt strangely unrewarding.
The lemure explodes!
The fiery explosion engulfs Duvessa!!
Flame seeps out of Duvessa.
Duvessa is almost dead.
The fiery explosion engulfs you! You resist.
You die...
Your body rises from the dead as a mindless zombie.

....'....#)..##..#......#
....##...#...............
....##...##..##..........
.....#...######..$.######
.....#....... #....###
.....'....... +......#
.....#...#### #.e.§..#
.....#...#....##§§§.##
.....#...+......@○5..#
.....#...#......§.§Z.....
.....#...#...............
.....#...#........#######
.....#.).##########
.....# .....# .....#
.....#


You could see Duvessa (berserk, inner flame), a lemure (inner flame) and the
friendly Dowan the spectral elf.

Vanquished Creatures
  A sky beast (D:7)
  A centaur (D:6)
  2 ogres (D:6)
  2 lemures (D:7)
  A scorpion (D:5)
  Dowan (D:7)
  A killer bee (D:7)
  A howler monkey (D:6)
  A hound (D:6)
  3 jellies
  3 iguanas (D:6)
  Terence (D:2)
  4 adders
  8 gnolls
  An ufetubus (D:6)
  2 worms
  2 dart slugs
  3 orcs
  2 bats
  3 endoplasms
  2 goblins
  5 hobgoblins
  2 jackals (D:4)
  2 quokkas
  A ball python (D:3)
  A frilled lizard (D:1)
  A kobold (D:1)
  3 rats
60 creatures vanquished.

Vanquished Creatures (collateral kills)
  A gnoll (D:4)
  An endoplasm (D:3)
  A goblin (D:1)
3 creatures vanquished.

Vanquished Creatures (others)
  A sky beast zombie (D:7)
  10 plants (D:2)
11 creatures vanquished.

Grand Total: 74 creatures vanquished

Notes
Turn   | Place    | Note
-------+----------+-------------------------------------------
     0 | D:1      | Lear the Demonspawn Necromancer began the quest for the
                  | Orb.
     0 | D:1      | Reached XP level 1. HP: 13/13 MP: 3/3
    79 | D:1      | Found Kiashang's Distillery.
   313 | D:1      | Found a faded altar of an unknown god.
   331 | D:1      | Discovered your monstrous ancestry.
   331 | D:1      | Gained mutation: You have a pair of small horns on your
                  | head. [demonic ancestry]
   331 | D:1      | Reached XP level 2. HP: 19/19 MP: 0/5
   506 | D:1      | Reached skill level 5 in Necromancy
   522 | D:2      | Gained mutation: You have a pair of horns on your head.
                  | [demonic ancestry]
   522 | D:2      | Reached XP level 3. HP: 24/24 MP: 1/7
   987 | D:2      | Noticed Terence
   999 | D:2      | Killed Terence
  1000 | D:2      | Gained mutation: You have sharp fingernails. [demonic
                  | ancestry]
  1000 | D:2      | Reached XP level 4. HP: 14/30 MP: 1/8
  1600 | D:4      | Gained mutation: You have very sharp fingernails. [demonic
                  | ancestry]
  1600 | D:4      | Reached XP level 5. HP: 4/35 MP: 0/9
  1792 | D:4      | Reached skill level 6 in Necromancy
  1796 | D:4      | Gained mutation: Your flesh is cold resistant. (rC+)
                  | [potion of mutation]
  1796 | D:4      | Gained mutation: Your flesh is heat resistant. (rF+)
                  | [potion of mutation]
  1796 | D:4      | Gained mutation: Potions are less effective at restoring
                  | your health. [potion of mutation]
  1796 | D:4      | Gained mutation: You are partially covered in large bone
                  | plates. (SH +4) [potion of mutation]
  2100 | D:5      | Entered Level 5 of the Dungeon
  2384 | D:6      | Noticed a centaur
  2395 | D:6      | Killed a centaur
  2396 | D:6      | Gained mutation: You have large cloven feet. [demonic
                  | ancestry]
  2396 | D:6      | Reached XP level 6. HP: 31/41 MP: 6/12
  2564 | D:6      | Noticed a yak
  2564 | D:6      | Noticed a water moccasin
  2727 | D:6      | Found a staircase to the Ecumenical Temple.
  2739 | Temple   | Entered the Ecumenical Temple
  2812 | Temple   | Became a worshipper of Yredelemnul the Dark
  2822 | Temple   | Learned a level 3 spell: Vampiric Draining
  2888 | D:6      | Reached skill level 7 in Necromancy
  2888 | D:6      | Gained mutation: You have claws for hands. [demonic
                  | ancestry]
  2888 | D:6      | Reached XP level 7. HP: 26/47 MP: 3/14
  3176 | D:6      | Reached * piety under Yredelemnul
  3177 | D:6      | Reached skill level 5 in Spellcasting
  3312 | D:6      | Reached skill level 1 in Fighting
  3780 | D:7      | Noticed Dowan
  3783 | D:7      | Noticed Duvessa
  3799 | D:7      | Killed Dowan
  3799 | D:7      | Killed by an exploding lemure... ignited by their inner
                  | flame

Illustrated notes

Levels and vault maps discovered:
D:1:      wander_arrival_abandoned_jail, layout_basic, serial_shops, shop_coins,
          basic_ecumenical_altar, chequers_serial_rivers_micro_a,
          nrook_mini_vaults
D:2:      layout_basic, corexii_shack, st_stairs_1, nicolae_grassy_gnolls,
          uniq_terence
D:3:      layout_rooms, kennysheep_another_room
D:4:      layout_gridville, enter_ossuary_5, kennysheep_windowed_goal
D:5:      corexii_shack_village, layout_loops_corners, minmay_misc_feat_plants,
          uniq_ijyb
D:6:      layout_gridville, minmay_temple_entry_ruins,
          nicolae_concentric_dashed_squares_wild, hex_large,
          lightli_corner_chamber
D:7:      layout_gridville, hangedman_decor_growths,
          chequers_serial_rivers_room_b, hangedman_decor_clover_reticule,
          uniq_pikel, uniq_duvessa
Temple:   mainiacjoe_temple_big_plus

Skill      XL: |  1  2  3  4  5  6  7 |
---------------+----------------------+-----
Necromancy     | 5 6 7 |  7.5
Spellcasting   | 3 4 5 |  5.7
Stealth        | 2 |  2.4
Dodging        | 2 |  2.4
Fighting       | 1 |  1.5
Unarmed Combat | |  0.3
Invocations    | |  0.3

Action                   |  1- 3 |  4- 6 |  7- 9 || total
-------------------------+-------+-------+-------++-------
Melee: Unarmed           |    14 |     6 |     1 ||    21
       Headbutt          |     1 |     1 |       ||     2
 Cast: Necrotise         |    43 |    94 |     5 ||   142
       Vampiric Draining |       |     1 |    19 ||    20
Invok: Recall Undead Har |       |     1 |       ||     1
  Use: Potion            |     3 |     6 |       ||     9
       Scroll            |     1 |     1 |     4 ||     6
Armor: Robe              |     7 |     8 |     2 ||    17
Dodge: Dodged            |    15 |    39 |    13 ||    67
Block: Other             |       |     3 |     2 ||     5

Table legend: (Time is in decaauts)
 A = Elapsed time spent in this place.
 B = Non-inter-level travel time spent in this place.
 C = Inter-level travel time spent in this place.
 D = Time resting spent in this place.
 E = Time spent auto-exploring this place.
 F = Levels seen in this place.
 G = Mean time per level.
                   A        B        C        D        E       F      G
               +--------+--------+--------+--------+--------+-----+--------+
         Total |   3797 |   3793 |      4 |   1219 |   1066 |   8 |  474.6 |
       Dungeon |   3663 |   3659 |      4 |   1219 |   1001 |   7 |  523.3 |
        Temple |    133 |    133 |      0 |      0 |     65 |   1 |  133.0 |
               +--------+--------+--------+--------+--------+-----+--------+

Top non-repeatable levels by time:
     D:6: 1047 daAuts
     D:2: 607 daAuts
     D:4: 555 daAuts
     D:1: 509 daAuts
     D:3: 426 daAuts
     D:5: 283 daAuts
     D:7: 233 daAuts
  Temple: 133 daAuts
